 Dungeon Crawl Stone Soup version 0.23.2-33-g5129a83184 (webtiles) character file.

Game seed: 17757945361146992648

137 colophon the Sneak (level 5, -3/30 HPs)
             Began as a Kobold Enchanter on July 17, 2019.
             Slain by an orc wizard
             ... wielding a +0 dagger
              (7 damage)
             ... on level 3 of the Dungeon.
             The game lasted 00:16:23 (4170 turns).

colophon the Sneak (Kobold Enchanter)               Turns: 4170, Time: 00:16:24

Health: -3/30      AC:  2    Str:  5    XL:     5   Next: 43%
Magic:  7/9        EV: 17    Int: 16    God:
Gold:   179        SH:  0    Dex: 23    Spells: 4/10 levels left

rFire    . . .     SeeInvis .   a - +2 dagger
rCold    . . .     Gourm    .   (shield restricted)
rNeg     . . .     Faith    .   b - +0 robe
rPois    .         Spirit   .   (no helmet)
rElec    .         Reflect  .   (no cloak)
rCorr    .         Harm     .   (no gloves)
MR       .....                  (no boots)
Stlth    +++.......             (no amulet)
HPRegen  0.10/turn              i - +6 ring of dexterity
MPRegen  0.11/turn              (no ring)

@: hasted, very quick
A: small, carnivore
a: no special abilities


You were on level 3 of the Dungeon.
You were completely stuffed.

You visited 1 branch of the dungeon, and saw 3 of its levels.

You collected 179 gold pieces.

Inventory:

Hand Weapons
 a - a +2 dagger (weapon)
Missiles
 h - 13 bolts
Armour
 b - a +0 robe (worn)
Jewellery
 i - a +6 ring of dexterity (left hand)
 r - an uncursed ring of protection from fire {unknown}
Scrolls
 e - a scroll of identify
 g - a scroll of immolation {unknown}
 n - a scroll of fear {unknown}
 p - a scroll of teleportation {unknown}
 q - a scroll of enchant weapon
 t - a scroll of enchant armour {unknown}
 v - a scroll of amnesia {unknown}
Potions
 c - a potion of lignification {unknown}
 f - a potion of haste
 j - a potion of flight {unknown}
 k - 2 potions of curing {unknown}
 m - a potion of heal wounds {unknown}
 o - a potion of might {unknown}
 s - a potion of degeneration {unknown}
 u - a potion of resistance {unknown}
 w - 2 potions of experience {unknown}
Comestibles
 d - 2 rations
 l - a chunk of flesh


   Skills:
 + Level 2.1 Fighting
 + Level 2.9 Short Blades
 + Level 3.4 Dodging
 + Level 5.1 Stealth
 + Level 3.0 Spellcasting
 - Level 3.0 Hexes


You had 4 spell levels left.
You knew the following spells:

 Your Spells              Type           Power        Failure   Level  Hunger
a - Corona                Hex            ##.....      5%          1    #......
b - Ensorcelled Hibernat  Hex/Ice        #.....       16%         2    ##.....
c - Confuse               Hex            ##......     16%         3    ###....

Your spell library contained the following spells:

 Spells                   Type           Power        Failure   Level  Hunger
 Tukima's Dance           Hex            ##......     16%         3    ###....
 Shock                    Conj/Air       #...         19%         1    #......
 Swiftness                Chrm/Air       #.......     28%         2    ##.....
 Dazzling Spray           Conj/Hex       #.....       30%         3    ###....
 Static Discharge         Conj/Air       #.......     50%         3    ###....
 Airstrike                Air            #.........   88%         4    #####..
 Lightning Bolt           Conj/Air       #.........   99%         5    ######.


Dungeon Overview and Level Annotations

Branches:
Dungeon (3/15)

Altars:
Vehumet


Innate Abilities, Weirdness & Mutations

You are small and have problems with some larger weapons.
You are carnivorous and can eat meat at any time.


Message History

There is an open door here.
Something hits you. Something hits you.
There is an open door here.
You hear some strange, mumbled words.
A magic dart appears from out of thin air!
The magic dart hits you. Something hits you.
* * * LOW HITPOINT WARNING * * *
Something hits you.
* * * LOW HITPOINT WARNING * * *
Items here: ( ) [ รท a +0 mace; a +0 leather armour; a stone; an orc skeleton Something hits you.
* * * LOW HITPOINT WARNING * * *
Something hits you.
* * * LOW HITPOINT WARNING * * *
You see here a stone.
You feel yourself speed up. Something hits you!
You die...

#.#######......###
#.# #......... #.#
#......... #.#
#####..... #.#
###### #.# #... #.#
#... #(# #... #@#
###### #... #{#
#....#####... #.#
#....#...#...
##.####....#...#...
#...)......'...'...
#######....#...#...
#....#...#...
#............
#............


There were no monsters in sight!

Vanquished Creatures
  Terence (D:2)
  4 adders
  An adder skeleton (D:3)
  A worm (D:2)
  2 dart slugs (D:2)
  2 leopard geckos
  4 orcs (D:3)
  A ball python (D:1)
  2 giant cockroaches (D:1)
  6 goblins
  8 hobgoblins
  2 jackals (D:1)
  A quokka (D:2)
  4 bats
  5 frilled lizards
  9 kobolds
  5 rats
  A fungus (D:1)
59 creatures vanquished.

Vanquished Creatures (others)
  5 toadstools (D:1)
5 creatures vanquished.

Grand Total: 64 creatures vanquished

Notes
Turn   | Place    | Note
-------+----------+-------------------------------------------
     0 | D:1      | colophon the Kobold Enchanter began the quest for the Orb.
     0 | D:1      | Reached XP level 1. HP: 10/10 MP: 3/3
   420 | D:1      | Reached XP level 2. HP: 6/16 MP: 3/5
   424 | D:1      | Learned a level 2 spell: Ensorcelled Hibernation
  1250 | D:1      | Reached XP level 3. HP: 20/20 MP: 0/6
  1257 | D:1      | Learned a level 3 spell: Confuse
  1376 | D:1      | Reached skill level 1 in Fighting
  2686 | D:2      | Reached XP level 4. HP: 25/25 MP: 8/8
  3266 | D:3      | Found a radiant altar of Vehumet.
  3397 | D:3      | Noticed Terence
  3516 | D:2      | Killed Terence
  3516 | D:2      | Reached skill level 5 in Stealth
  3516 | D:2      | Reached XP level 5. HP: 30/30 MP: 0/9
  4170 | D:3      | Slain by an orc wizard

Skill      XL: |  1  2  3  4 |
---------------+-------------+-----
Short Blades   | 2 |  2.9
Fighting       | 1 2 |  2.1
Dodging        | 3 |  3.4
Stealth        | 5 |  5.1
Spellcasting   | 3 |  3.0
Hexes          | |  3.0

Action                   |  1- 3 |  4- 6 || total
-------------------------+-------+-------++-------
Melee: Dagger            |   107 |    36 ||   143
 Cast: Corona            |     9 |     2 ||    11
       Ensorcelled Hiber |    39 |    29 ||    68
       Confuse           |       |     2 ||     2
  Use: Scroll            |       |     2 ||     2
       Potion            |       |     1 ||     1
 Stab: Sleeping          |    24 |    17 ||    41
       Confused          |       |     2 ||     2
  Eat: Chunk             |    17 |     6 ||    23
Armor: Robe              |    13 |     3 ||    16
Dodge: Dodged            |    93 |    35 ||   128
